 Dungeon Crawl Stone Soup version 0.22-a0-848-ge9e22a0 (webtiles) character file.

56279 protoss039 the Severer (level 14, -3/127 HPs)
             Began as a Minotaur Fighter on July 26, 2018.
             Was the Champion of Okawaru.
             Slain by Weja's ghost (14 damage)
             ... on level 13 of the Dungeon.
             The game lasted 01:00:50 (13947 turns).

protoss039 the Severer (Minotaur Fighter)          Turns: 13947, Time: 01:00:51

Health: -3/127     AC: 26    Str: 27      XL:     14   Next: 41%
Magic:  19/19      EV:  8    Int:  5 (7)  God:    Okawaru [******]
Gold:   892        SH:  0    Dex: 22      Spells: 13/13 levels left

rFire    . . .     SeeInvis +   w - +2 war axe (flame)
rCold    . . .     Gourm    .   c - +0 shield
rNeg     . . .     Faith    .   D - +3 chain mail
rPois    .         Spirit   .   (helmet restricted)
rElec    .         Reflect  .   F - +1 cloak
rCorr    .         Harm     .   h - +2 pair of gloves {Dex+3}
MR       +....                  (no boots)
Stlth    ..........             (no amulet)
HPRegen  0.31/turn              I - +4 ring of protection
MPRegen  0.16/turn              O - ring of the Jester {Int+2 Dex+3}

@: confused, mighty
A: retaliatory headbutt, horns 2, see invisible, agile 1
a: Heroism, Finesse, Renounce Religion


You were on level 13 of the Dungeon.
You worshipped Okawaru.
Okawaru was exalted by your worship.
You were not hungry.

You visited 2 branches of the dungeon, and saw 14 of its levels.
You also visited: Sewer, Bailey and Ice Cave.

You collected 892 gold pieces.

Inventory:

Hand Weapons
 d - a +2 battleaxe of freezing
 w - a +2 war axe of flaming (weapon)
Missiles
 k - 66 tomahawks of returning (quivered)
Armour
 c - a +0 shield (worn)
 h - a +2 pair of gloves of dexterity (worn)
 D - a +3 chain mail (worn)
 F - a +1 cloak (worn)
 R - a +3 plate armour of cold resistance
Jewellery
 i - an uncursed ring of ice {unknown}
 u - an uncursed ring of poison resistance
 v - an uncursed ring of protection from cold {unknown}
 I - a +4 ring of protection (left hand)
 L - an uncursed amulet of faith {unknown}
 O - the ring of the Jester (right hand) {Int+2 Dex+3}
   (You found it in an ice cave)

   [ring of intelligence]

   It affects your intelligence (+2).
   It affects your dexterity (+3).
Wands
 a - a wand of flame (76)
 m - a wand of paralysis (14)
 B - a wand of disintegration (26)
 E - a wand of iceblast (10)
 K - a wand of random effects (35)
 Q - a wand of acid (4)
Scrolls
 b - 5 scrolls of amnesia
 g - 7 scrolls of teleportation
 j - 6 scrolls of remove curse
 l - 2 scrolls of fog {unknown}
 q - 4 scrolls of fear {unknown}
 r - 2 scrolls of enchant armour
 y - a scroll of noise {unknown}
 A - 3 scrolls of immolation
 G - 3 scrolls of enchant weapon {unknown}
 H - a scroll of random uselessness {unknown}
 J - a scroll of brand weapon {unknown}
 N - a scroll of identify
 P - 2 scrolls of blinking {unknown}
Potions
 e - 2 potions of lignification
 n - 2 potions of magic
 o - 2 potions of mutation
 p - 4 potions of brilliance
 s - 7 potions of curing
 t - 3 potions of haste
 x - 2 potions of heal wounds
 z - a potion of cancellation
 M - 4 potions of might
Comestibles
 f - 28 rations
 C - 7 chunks of flesh


   Skills:
 + Level 12.8 Fighting
 * Level 15.1 Axes
 * Level 14.6 Armour
 + Level 12.1 Shields
 - Level 8.4 Invocations


You had 13 spell levels left.
You didn't know any spells.
Your spell library contained the following spells:

 Spells                   Type           Power        Failure   Level  Hunger
 Cause Fear               Hex            #.........   100%        4    #####..
 Magic Dart               Conj           #...         96%         1    ##.....
 Apportation              Tloc           #.....       96%         1    ##.....
 Conjure Flame            Conj/Fire      #.......     100%        3    ####...
 Bolt of Cold             Conj/Ice       #.........   100%        6    #######
 Slow                     Hex            #.......     99%         2    ###....
 Confuse                  Hex            #.......     100%        3    ####...
 Freezing Cloud           Conj/Ice/Air   #.........   100%        6    #######
 Mephitic Cloud           Conj/Pois/Air  #.......     100%        3    ####...
 Summon Small Mammal      Summ           #...         96%         1    ##.....
 Blink                    Tloc           N/A          99%         2    ###....
 Animate Skeleton         Necr           N/A          96%         1    ##.....
 Ozocubu's Refrigeration  Ice            #.........   100%        6    #######
 Call Imp                 Summ           #.......     99%         2    ###....
 Tukima's Dance           Hex            #.......     100%        3    ####...
 Spider Form              Tmut/Pois      #.........   100%        3    ####...
 Blade Hands              Tmut           #.........   100%        5    ######.
 Ice Form                 Ice/Tmut       #.......     100%        4    #####..
 Deflect Missiles         Chrm/Air       #.........   100%        6    #######
 Confusing Touch          Hex            #.....       96%         1    ##.....
 Sticks to Snakes         Tmut           #.......     99%         2    ###....
 Ensorcelled Hibernation  Hex/Ice        #.....       99%         2    ###....
 Metabolic Englaciation   Hex/Ice        #.........   100%        5    ######.
 Silence                  Hex/Air        #.........   100%        5    ######.
 Corona                   Hex            #......      96%         1    ##.....
 Simulacrum               Ice/Necr       #.........   100%        6    #######
 Petrify                  Tmut/Erth      #.......     100%        4    #####..
 Beastly Appendage        Tmut           #.....       96%         1    ##.....
 Dazzling Spray           Conj/Hex       #.....       100%        3    ####...
 Discord                  Hex            #.........   100%        8    #######
 Gell's Gravitas          Tloc           #.........   100%        3    ####...
 Yara's Violent Unravell  Hex/Tmut       #.........   100%        5    ######.


Dungeon Overview and Level Annotations

Branches:
Dungeon (13/15)            Temple (1/1) D:6            Lair (0/6) D:10
    Orc (0/2) D:12
 Vaults: D:13-14

Altars:
Ashenzari
Cheibriados
Dithmenos
Elyvilon
Fedhas
Gozag
Hepliaklqana
Kikubaaqudgha
Makhleb
Nemelex Xobeh
Okawaru
Qazlal
Ru
Sif Muna
Trog
Uskayaw
Vehumet
Wu Jian
Xom
Yredelemnul
Zin
The Shining One

Shops:
D:5 (   D:6 [   D:7 (   D:8 %

Annotations:
D:1 exclusion: downstairs
D:12 2 transporters, exclusion: downstairs, Nees's ghost, journeyman DsGl
D:13 Weja's ghost, journeyman GnFi


Innate Abilities, Weirdness & Mutations

You reflexively headbutt those who attack you in melee.
You have a pair of horns on your head.
You have supernaturally acute eyesight. (SInv)
You are agile. (Dex +2)


Message History

You completely miss the butterfly. Your headbutt misses the butterfly.
Your chain mail prevents you from hitting Weja's ghost.
The butterfly disappears in a puff of smoke! x5
Weja's ghost casts a spell at you.
You are more confused.
You completely miss the butterfly. Your headbutt misses the butterfly.
You hit Weja's ghost but do no damage. Weja's ghost barely misses you.
Weja's ghost casts a spell at you.
You are more confused.
You bump into the rock wall.
Weja's ghost hits you but does no damage.
Weja's ghost hits you but does no damage.
You bump into the rock wall.
Weja's ghost hits you but does no damage.
You are electrocuted!
* * * LOW HITPOINT WARNING * * *
Weja's ghost hits you but does no damage.
You are electrocuted!
You die...

...## #....###'''###..###...##
....### #...##.......##.##.....#
#.....# #...##.........#.........
....#.###.. #..........##........
.......... ##....####...#........
.......... #...###!%##..##.....>.
#.#..####..#..##.[.b?##..#.....#.
#.#..# #..#..#b..=...#..#..#.##.
#....# #.##..#W@....##..#....##.
....# #.#......b.###..##.....#.
#.### #.##.b.b....... #......#.
#.# #..###..####..b##..#.#.#. #.#
#....####..#####.........
#.#######.#..............#..#.###
..........#..[..##...#####.###.#
..#.#.#........^........#.## #.
.##.#.#.###.#.#.#######.## ##


You could see Weja's ghost.

Vanquished Creatures
  A frost giant (IceCv)
  Harold (D:7)
  A hydra (D:12)
  An ice dragon (D:13)
  4 two-headed ogres
  3 death yaks (IceCv)
  An unseen horror (D:11)
  Pikel (D:8)
  An orc knight (Bailey)
  2 manticores (D:11)
  3 cyclopes
  An ugly thing (D:12)
  A gargoyle (D:12)
  Psyche (D:8)
  A kobold demonologist (D:12)
  A rime drake (D:13)
  A freezing wraith (D:9)
  4 ice devils (D:13)
  4 trolls
  A hornet (shapeshifter) (D:9)
  3 meliai (D:12)
  2 queen bees
  12 polar bears (IceCv)
  5 hippogriffs
  A hornet (D:7)
  2 centaur simulacra (D:13)
  A meliai zombie (D:13)
  A wyvern (D:8)
  29 yaks
  Grum (D:11)
  Duvessa (D:5)
  A porcupine (D:10)
  2 meliai simulacra (D:13)
  6 orc warriors
  3 sky beasts
  A slave (D:8)
  5 black bears
  4 ice beasts
  2 eyes of draining
  3 phantoms
  A necrophage (D:9)
  13 centaurs
  19 wolves
  2 crocodiles
  6 ogres
  12 big kobolds
  10 bullfrogs
  5 gnoll sergeants (D:12)
  Dowan (D:5)
  A wyvern skeleton (D:11)
  2 scorpions
  35 killer bees
  2 howler monkeys (D:12)
  5 crimson imps
  A bullfrog zombie (D:12)
  A quasit (D:9)
  3 wyvern simulacra (D:13)
  7 hounds
  5 jellies
  3 orc priests
  11 orc wizards
  3 centaur zombies
  4 centaur skeletons
  3 iguanas
  Natasha (thrice) (D:2)
  7 worker ants
  A hound zombie (D:9)
  3 hound skeletons
  A worker ant zombie (D:9)
  Robin (D:2)
  18 gnolls
  3 river rats (Sewer)
  16 adders
  2 shadow imps
  4 oozes
  2 adder zombies
  2 adder skeletons
  10 worms
  4 dart slugs
  5 leopard geckos
  34 orcs
  8 giant cockroaches
  15 goblins
  21 hobgoblins
  8 jackals
  30 kobolds
  3 quokkas
  8 ball pythons
  5 bats
  6 frilled lizards
  2 leopard gecko skeletons
  A quokka skeleton (D:5)
  A quokka zombie (D:9)
  7 rats
  2 bushes (D:8)
  6 fungi (D:10)
  A plant (D:10)
514 creatures vanquished.

Vanquished Creatures (others)
  A gnoll (Bailey)
  An adder zombie (D:8)
  2 orcs (D:8)
  A hobgoblin (Bailey)
  A kobold (Bailey)
  11 fungi (D:10)
17 creatures vanquished.

Grand Total: 531 creatures vanquished

Notes
Turn   | Place    | Note
-------+----------+-------------------------------------------
     0 | D:1      | protoss039 the Minotaur Fighter began the quest for the Orb.
     0 | D:1      | Reached XP level 1. HP: 19/19 MP: 0/0
    75 | D:1      | Reached skill level 3 in Axes
    77 | D:1      | Reached XP level 2. HP: 24/27 MP: 1/1
   713 | D:2      | Noticed Natasha
   744 | D:2      | Reached XP level 3. HP: 29/33 MP: 2/2
   811 | D:2      | Reached skill level 4 in Axes
   908 | D:2      | Killed Natasha
   908 | D:2      | Reached XP level 4. HP: 9/41 MP: 3/3
  1132 | D:2      | Noticed Natasha
  1136 | D:2      | Killed Natasha
  1150 | D:2      | Reached skill level 5 in Axes
  1150 | D:2      | Noticed Robin
  1159 | D:2      | Killed Robin
  1189 | D:2      | Reached XP level 5. HP: 34/47 MP: 4/4
  1236 | D:2      | Reached skill level 5 in Fighting
  1513 | D:2      | Noticed Natasha
  1520 | D:2      | Killed Natasha
  1705 | D:3      | Reached skill level 6 in Axes
  1744 | D:3      | Reached XP level 6. HP: 27/56 MP: 5/5
  2301 | D:3      | Found a faded altar of an unknown god.
  2487 | D:4      | Reached skill level 7 in Axes
  3811 | D:5      | Entered Level 5 of the Dungeon
  3811 | D:5      | Noticed Duvessa
  3811 | D:5      | Noticed Dowan
  3814 | D:5      | Killed Duvessa
  3814 | D:5      | Reached XP level 7. HP: 57/63 MP: 4/6
  3821 | D:5      | Killed Dowan
  3917 | D:5      | Found an ancient bone altar of Kikubaaqudgha.
  3953 | D:5      | Reached skill level 5 in Armour
  3974 | D:5      | Reached skill level 8 in Axes
  4080 | D:5      | Reached XP level 8. HP: 58/71 MP: 7/7
  4208 | D:5      | Found Horeawn's Antique Weapon Shop.
  4214 | D:5      | Reached skill level 5 in Shields
  4302 | D:6      | Found Wovoan's Armour Boutique.
  4323 | D:6      | Found a glowing drain.
  4358 | Sewer    | Entered a sewer
  5073 | D:6      | Reached skill level 9 in Axes
  5162 | D:6      | Reached XP level 9. HP: 74/81 MP: 8/8
  5229 | D:6      | Found a staircase to the Ecumenical Temple.
  5239 | Temple   | Entered the Ecumenical Temple
  5313 | Temple   | Became a worshipper of Warmaster Okawaru
  5568 | D:7      | Reached * piety under Okawaru
  5867 | D:7      | Noticed Harold
  5880 | D:7      | Killed Harold
  5880 | D:7      | Reached ** piety under Okawaru
  5880 | D:7      | Reached skill level 10 in Armour
  5988 | D:7      | Found Imaich's Antique Weapon Shoppe.
  6101 | D:7      | Reached skill level 10 in Axes
  6266 | D:7      | Reached XP level 10. HP: 91/91 MP: 9/9
  6627 | D:8      | Reached skill level 1 in Invocations
  7152 | D:8      | Noticed Psyche
  7166 | D:8      | Killed Psyche
  7166 | D:8      | Reached *** piety under Okawaru
  7228 | D:8      | Noticed Pikel
  7241 | D:8      | Killed Pikel
  7526 | D:8      | Found Piogu's Food Boutique.
  7982 | D:9      | Found a flagged portal.
  7999 | D:9      | Reached **** piety under Okawaru
  8004 | Bailey   | Entered a bailey
  8201 | Bailey   | Reached skill level 10 in Fighting
  8312 | Bailey   | Noticed an orc knight
  8341 | Bailey   | Killed an orc knight
  8503 | D:9      | Reached skill level 5 in Invocations
  8503 | D:9      | Reached XP level 11. HP: 90/99 MP: 13/13
  8570 | D:9      | Paralysed by a hornet for 1 turns
  8600 | D:9      | Reached skill level 11 in Axes
  8817 | D:10     | Entered Level 10 of the Dungeon
  8906 | D:10     | Noticed a two-headed ogre
  8916 | D:10     | Killed a two-headed ogre
  8916 | D:10     | Reached ***** piety under Okawaru
  8919 | D:10     | Noticed a two-headed ogre
  8926 | D:10     | Received a gift from Okawaru
  8930 | D:10     | Killed a two-headed ogre
  9054 | D:10     | Found a staircase to the Lair.
  9409 | D:11     | Found a hide-covered altar of Uskayaw.
  9549 | D:11     | Noticed Grum
  9565 | D:11     | Killed Grum
 10065 | D:11     | Killed an unseen horror
 10117 | D:11     | Received a gift from Okawaru
 10167 | D:11     | Reached skill level 12 in Axes
 10167 | D:11     | Reached skill level 10 in Shields
 10341 | D:11     | Noticed a two-headed ogre
 10363 | D:11     | Reached XP level 12. HP: 109/110 MP: 16/16
 10368 | D:11     | Killed a two-headed ogre
 10507 | D:12     | Reached ****** piety under Okawaru
 10682 | D:12     | Noticed a tengu reaver
 10684 | D:12     | Noticed a frost giant
 10684 | D:12     | Noticed Nees's ghost (journeyman DsGl)
 10707 | D:12     | Noticed a six-headed hydra
 10999 | D:12     | Found a transporter.
 11014 | D:12     | Received a gift from Okawaru
 11046 | D:12     | Found a transporter.
 11321 | D:12     | Found a staircase to the Orcish Mines.
 11345 | D:12     | Reached skill level 13 in Axes
 11477 | D:12     | Killed a one-headed hydra
 11900 | D:13     | Found a bloodstained altar of Trog.
 11927 | D:13     | Found a frozen archway.
 12003 | IceCv    | Entered an ice cave
 12152 | IceCv    | Got a warped golden ring
 12709 | IceCv    | Noticed a death yak
 12718 | IceCv    | Noticed a death yak
 12728 | IceCv    | Killed a death yak
 12739 | IceCv    | Killed a death yak
 12739 | IceCv    | Reached XP level 13. HP: 68/118 MP: 13/18
 13137 | IceCv    | Identified the ring of the Jester {Int+2 Dex+3} (You found it in an ice cave)
 13209 | IceCv    | Gained mutation: You are agile. (Dex +2) [potion of mutation]
 13209 | IceCv    | Gained mutation: You have supernaturally acute eyesight. (SInv) [potion of mutation]
 13211 | IceCv    | Reached skill level 14 in Axes
 13211 | IceCv    | Reached XP level 14. HP: 127/127 MP: 19/19
 13258 | IceCv    | Noticed a frost giant
 13301 | IceCv    | Killed a frost giant
 13731 | D:13     | Noticed Weja's ghost (journeyman GnFi)
 13858 | D:13     | Found a runed gate.
 13871 | D:13     | Found a runed gate.
 13871 | D:13     | Found a runed gate.
 13891 | D:13     | Reached skill level 15 in Axes
 13900 | D:13     | Received a gift from Okawaru
 13947 | D:13     | Slain by Weja's ghost

Vault maps used:
D:1:      lightli_arrival_flooded_house
D:2:      first_ration, minmay_heptomino_w4, uniq_natasha, uniq_robin
D:3:      chequers_ecumenical_altar_lobes
D:5:      kennysheep_little_box, serial_shops, nicolae_shop_overgrown_old_shop,
          grunt_ministairs_3, uniq_duvessa
D:6:      minmay_temple_entry_statues_pillars, gup_sewer_entry_glass,
          serial_shops, shop, kennysheep_generic_room_4
D:7:      serial_shops, shop, uniq_harold
D:8:      serial_shops, kennysheep_mini, david_nohive_1, minmay_hedge_maze,
          uniq_pikel, uniq_psyche
D:9:      enter_bailey_2, minmay_the_grid_2x2
D:10:     due_lair_maze_entry_diamond, kennysheep_donut
D:11:     basic_altar, uniq_grum
D:12:     kennysheep_orc_monster_closet_entryway, gammafunk_ghost_arena,
          minivault_7
D:13:     basic_altar, gammafunk_ghost_icy, portal_ice_cave_entry_pillars_1
Temple:   grunt_wide_crystal_templ
Sewer:    sewer_co_tree
Bailey:   bailey_axe_2, bailey
IceCv:    ice_cave_caverns_03

Skill      XL: |  1  2  3  4  5  6  7  8  9 10 11 12 13 14 |
---------------+-------------------------------------------+-----
Axes           | 3 4 5 6 7 8 9 10 12 13 14 15 | 15.1
Fighting       | 4 5 6 7 9 10 11 12 | 12.8
Armour         | 4 5 7 10 11 13 14 | 14.6
Shields        | 4 6 7 8 10 11 12 | 12.1
Invocations    | 5 7 8 |  8.4

Action                   |  1- 3 |  4- 6 |  7- 9 | 10-12 | 13-15 || total
-------------------------+-------+-------+-------+-------+-------++-------
Melee: War axe           |    67 |   171 |   285 |   812 |   183 ||  1518
       Headbutt          |     8 |    35 |    48 |   170 |    71 ||   332
Throw: Tomahawk          |       |       |       |     1 |       ||     1
Invok: Heroism           |       |       |       |     2 |       ||     2
       Finesse           |       |       |       |     1 |       ||     1
Evoke: Wand              |       |       |       |     1 |       ||     1
  Use: Scroll            |       |     1 |     1 |     7 |     4 ||    13
       Potion            |       |       |     1 |     8 |    10 ||    19
 Stab: Invisible         |       |       |       |     7 |       ||     7
       Distracted        |       |       |       |     1 |       ||     1
  Eat: Chunk             |       |     5 |    10 |    17 |     5 ||    37
       Ration            |       |     1 |       |     1 |       ||     2
Armor: Scale mail        |    22 |       |       |       |       ||    22
       Chain mail        |    22 |    73 |   114 |   477 |    87 ||   773
       Plate armour      |       |       |       |     4 |       ||     4
Dodge: Dodged            |    14 |    37 |    49 |   204 |    36 ||   340
Block: Shield            |    41 |    76 |   123 |   480 |   102 ||   822

Table legend:
 A = Spawn XP
 B = Non-spawn XP
 C = Spawn XP percentage of total XP
 D = Spawn monster count
 E = Non-spawn monster count
 F = Spawn count percentage of total count
 G = Total turns spent on level
                    A         B        C        D         E        F      G
               +---------+---------+-------+---------+---------+-------+---------
         Total |       0 |   52312 |   0.0 |       0 |     504 |   0.0 | 13947
               +---------+---------+-------+---------+---------+-------+---------
           D:1 |       0 |      30 |   0.0 |       0 |      16 |   0.0 |   733
           D:2 |       0 |     236 |   0.0 |       0 |      44 |   0.0 |   850
           D:3 |       0 |     184 |   0.0 |       0 |      32 |   0.0 |   899
           D:4 |       0 |     253 |   0.0 |       0 |       7 |   0.0 |  1329
           D:5 |       0 |     921 |   0.0 |       0 |      22 |   0.0 |   481
           D:6 |       0 |     677 |   0.0 |       0 |      27 |   0.0 |   645
           D:7 |       0 |    2870 |   0.0 |       0 |      23 |   0.0 |  1293
           D:8 |       0 |    3061 |   0.0 |       0 |      35 |   0.0 |   791
           D:9 |       0 |    3069 |   0.0 |       0 |      27 |   0.0 |   706
          D:10 |       0 |    3433 |   0.0 |       0 |      22 |   0.0 |   467
          D:11 |       0 |    6788 |   0.0 |       0 |      45 |   0.0 |  1429
          D:12 |       0 |    9789 |   0.0 |       0 |      73 |   0.0 |  1187
          D:13 |       0 |    7484 |   0.0 |       0 |      27 |   0.0 |   393
         Sewer |       0 |     690 |   0.0 |       0 |      28 |   0.0 |   519
        Bailey |       0 |     805 |   0.0 |       0 |      31 |   0.0 |   483
         IceCv |       0 |   12022 |   0.0 |       0 |      45 |   0.0 |  1654
               +---------+---------+-------+---------+---------+-------+---------
